 Dungeon Crawl Stone Soup version 0.29.0-11-gd7f09526c8 (webtiles) character file.

Game seed: 4390881445416678516

242451 Armakuni the Fencer (level 18, -2/149 HPs)
             Began as a Vampire Abyssal Knight on Sept 2, 2022.
             Was a High Priest of Lugonu.
             Killed from afar by an ironbound frostheart (22 damage)
             ... by creeping frost
             ... on level 4 of the Vaults.
             The game lasted 03:20:02 (38760 turns).

Armakuni the Fencer (Vampire Abyssal Knight)       Turns: 38760, Time: 03:20:02

Health: -2/149     AC: 21    Str: 22    XL:     18   Next: 67%
Magic:  12/26      EV: 19    Int: 17    God:    Lugonu [*****.]
Gold:   3999       SH:  9    Dex: 17    Spells: 7/19 levels left

rFire   + + .      SeeInvis +   a - +7 Spriggan's Knife {stab, EV+4 Stlth+}
rCold   + . .      Faith    .   n - +3 warlock's mirror {reflect}
rNeg    . . .      Spirit   .   H - +2 fire dragon scales
rPois   +          Reflect  +   o - +2 helmet {Int+3}
rElec   .          Harm     .   e - +2 cloak {rPois}
rCorr   .          Rampage  .   h - +0 pair of gloves {hurl}
Will    ++...                   (no boots)
Stlth   +++++.....              R - amulet of regeneration
HPRegen 1.34/turn               W - ring of willpower
MPRegen 0.20/turn               V - ring of Ashenzari's Hope {rC++ Str+6}

@: confusing by touch, healing quickly
A: alive, fangs 3, see invisible, vampiric 2
}: 2/15 runes: decaying, gossamer
a: Exsanguinate, Renounce Religion, Depart the Abyss, Bend Space, Banish,
Corrupt, Enter the Abyss


You were on level 4 of the Vaults.
You worshipped Lugonu.
Lugonu was extremely pleased with you.
You visited 6 branches of the dungeon, and saw 34 of its levels.
You visited the Abyss 2 times.
You also visited: Gauntlet and Ice Cave.

You collected 4627 gold pieces.
You spent 628 gold pieces at shops.

Inventory:

Hand Weapons
 a - the +7 Spriggan's Knife (weapon) {stab, EV+4 Stlth+}
   (You found it on level 5 of the Lair of Beasts)

   It is more effective when stabbing unaware enemies, sometimes treating them
   as though they were completely helpless.
   EV:        It affects your evasion (+4).
   Stlth:     It makes you more stealthy.
 b - a +3 double sword of flaming
Missiles
 P - 2 curare-tipped darts (quivered)
Armour
 e - a +2 cloak of poison resistance (worn)
 h - a +0 pair of gloves of hurling (worn)
 n - the +3 warlock's mirror (worn) {reflect}
   (You acquired it in a Gauntlet)

   It can block and reflect piercing ranged attacks and magical attacks against
   the wielder's willpower.
 o - a +2 helmet of intelligence (worn)
 H - +2 fire dragon scales (worn)
Jewellery
 K - a ring of resist corrosion
 R - an amulet of regeneration (around neck)
 V - the ring of Ashenzari's Hope (right hand) {rC++ Str+6}
   (You found it in a Gauntlet)

   [ring of strength]

   Str:       It affects your strength (+6).
   rC:        It greatly protects you from cold.
 W - a ring of willpower (left hand)
Wands
 j - a wand of iceblast (29)
 k - a wand of digging (6)
 m - a wand of mindburst (5)
 v - a wand of flame (72)
 x - a wand of polymorph (7)
Scrolls
 c - 2 scrolls of blinking
 p - 4 scrolls of noise
 r - 4 scrolls of poison
 u - 5 scrolls of fog
 y - 3 scrolls of vulnerability
 B - 2 scrolls of torment
 C - 4 scrolls of silence
 F - 3 scrolls of magic mapping
 G - 5 scrolls of teleportation
 I - a scroll of summoning
 J - a scroll of immolation
 L - 6 scrolls of identify
 M - 4 scrolls of amnesia
 N - 2 scrolls of brand weapon
 O - a scroll of fear
 T - 2 scrolls of enchant armour
Potions
 d - 3 potions of brilliance
 f - 3 potions of ambrosia
 g - 2 potions of cancellation
 q - 3 potions of resistance
 s - 8 potions of flight
 t - 6 potions of lignification
 w - a potion of haste
 z - 5 potions of mutation
 A - 4 potions of might
 D - 4 potions of curing
 U - a potion of invisibility
Miscellaneous
 i - a box of beasts (inert)
 l - a lightning rod (1/4)


   Skills:
 - Level 15.0 Fighting
 - Level 20.3 Long Blades
 - Level 10.0 Armour
 - Level 10.0 Dodging
 - Level 13.0 Stealth
 - Level 6.0 Shields
 - Level 1.0 Spellcasting
 - Level 10.6 Hexes
 + Level 4.9 Summonings
 - Level 11.0 Invocations
 - Level 5.0 Evocations


You had 7 spell levels left.
You knew the following spells:

 Your Spells              Type           Power      Damage    Failure   Level
c - Confusing Touch       Hex            36%        N/A       2%          3
d - Dazzling Flash        Conj/Hex       36%        N/A       24%         3
s - Slow                  Hex            100%       N/A       1%          1
v - Summon Mana Viper     Hex/Summ       27%        N/A       63%         5

Your spell library contained the following spells:

 Spells                   Type           Power      Damage    Failure   Level
 Shock                    Conj/Air       0%         1d3       56%         1
 Sting                    Tmut/Pois      0%         1d3       56%         1
 Fulminant Prism          Conj/Hex       9%         3d7       63%         4
 Blink                    Tloc           0%         N/A       71%         2
 Poisonous Vapours        Pois/Air       0%         N/A       71%         2
 Scorch                   Fire           0%         2d5       71%         2
 Static Discharge         Conj/Air       0%         3-3/arc   71%         2
 Ignite Poison            Fire/Tmut/Pois 0%         N/A       91%         3
 Lesser Beckoning         Tloc           0%         N/A       91%         3
 Mephitic Cloud           Conj/Pois/Air  0%         N/A       91%         3
 Swiftness                Air            0%         N/A       91%         3
 Vampiric Draining        Necr           0%         2d6       91%         3
 Summon Ice Beast         Ice/Summ       9%         N/A       95%         4
 Airstrike                Air            0%         2d(0-16)  100%        4
 Flame Wave               Conj/Fire      0%         2d4       100%        4
 Iskenderun's Mystic Bla  Conj/Tloc      0%         2d3       100%        4
 Olgreb's Toxic Radiance  Pois           0%         N/A       100%        4
 Fireball                 Conj/Fire      0%         3d3       100%        5
 Freezing Cloud           Conj/Ice/Air   0%         6-21      100%        5
 Iskenderun's Battlesphe  Conj           0%         2d6       100%        5
 Lee's Rapid Deconstruct  Erth           0%         3d5*      100%        5
 Lightning Bolt           Conj/Air       0%         1d11      100%        5
 Manifold Assault         Tloc           0%         N/A       100%        5
 Conjure Ball Lightning   Conj/Air       0%         3x3d6     100%        6
 Iron Shot                Conj/Erth      0%         9d1       100%        6
 Simulacrum               Ice/Necr       0%         N/A       100%        6
 Starburst                Conj/Fire      0%         6d3       100%        6
 Summon Cactus Giant      Summ           8%         N/A       100%        6
 Monstrous Menagerie      Summ           8%         N/A       100%        7
 Orb of Destruction       Conj           0%         9d5       100%        7
 Spellforged Servitor     Conj/Summ      4%         N/A       100%        7
 Maxwell's Capacitive Co  Air            0%         ∞         100%        8
 Polar Vortex             Ice            0%         N/A       100%        9


Dungeon Overview and Level Annotations

Branches:
Dungeon (15/15)            Temple (0/1) D:7            Lair (5/5) D:11
  Swamp (4/4) Lair:2       Spider (4/4) Lair:3        Slime (0/5) Lair:5
    Orc (2/2) D:11            Elf (0/3) Orc:2        Vaults (4/5) D:14
  Crypt (0/3) Vaults:3     Depths (0/4) D:15          IceCv (visited)
Gauntlet (visited)

Altars:
Ashenzari
Dithmenos
Fedhas
Gozag
Hepliaklqana
Kikubaaqudgha
Nemelex Xobeh
Okawaru
Qazlal
Ru
Sif Muna
Vehumet
Wu Jian
Yredelemnul
Jiyva

Shops:
D:12 *   Orc:2 ==!(([(   Vaults:2 (((

Annotations:
D:9 4 transporters
Lair:5 corrupted
Vaults:2 corrupted
Vaults:3 corrupted
Vaults:4 corrupted
Abyss:1 Jorgrun


Innate Abilities, Weirdness & Mutations

Your natural rate of healing is accelerated.
You have razor-sharp teeth.
You have supernaturally acute eyesight. (SInv)
You are afflicted with vampirism and can become a bat while bloodless.


Message History

The ironbound preserver is healed somewhat.
You hit the ironbound preserver but do no damage.
The ironbound preserver appears confused.
The ironbound preserver is severely wounded.
You block the ironbound preserver's attack.
You hit the ironbound preserver.
The ironbound preserver is severely wounded.
The helpless ironbound preserver fails to defend itself.
You perforate the ironbound preserver like a sieve!!!!
You kill the ironbound preserver!
Lugonu accepts your kill.
Casting: Confusing Touch (mildly dangerous; 2% risk of failure)
Confirm with . or Enter, or press ? or * to list all spells.
Your hands begin to glow red.
The ironbound frostheart misses you.
You hit the ironbound frostheart but do no damage.
The ironbound frostheart is lightly wounded.
You hit the ironbound frostheart but do no damage.
You bite the ironbound frostheart.
The ironbound frostheart is moderately wounded.
The ironbound frostheart touches you. The ironbound frostheart freezes you!
You resist.
You hit the ironbound frostheart but do no damage.
The ironbound frostheart is moderately wounded.
You hit the ironbound frostheart but do no damage.
The ironbound frostheart is moderately wounded.
The ironbound frostheart calls freezing cold from the walls.
The frost grips you!!! You partially resist.
* * * LOW HITPOINT WARNING * * *
You are encased in ice.
Okay, then.
Unknown command.
Okay, then.
Blink to where?
Press: ? - help, Dir - move target
As you read the scroll of blinking, it crumbles to dust.
You feel better. The ice encasing you melts away.
The ironbound frostheart calls freezing cold from the walls.
The frost grips you!! You partially resist.
You die...

####################
#...................
#...................
#...................
#...################
#...# #. #...# #.
#...### # #.
#..@#.#.# #.
#...##.# #. #...#.##
### #. #...##.# .#.#
## #...#.## ..##
#...#..# .... ####
#...#.###p. #...
#..p##.#.# ##...
#...#.#p#######.#...


You could see an ironbound frostheart.

Vanquished Creatures
  Bai Suzhen (Vaults:3)
  2 Ice Fiends (IceCv)
  A lich (Vaults:2)
  3 sphinxes
  A thorn hunter (Swamp:4)
  A deep elf sorcerer (Vaults:3)
  2 ghost moths (Spider:4)
  An orc warlord (Vaults:2)
  A fire giant (Vaults:2)
  6 vault wardens
  8 emperor scorpions
  9 ironbound preservers
  3 ironbound thunderhulks
  A stone giant (D:15)
  3 very ugly things (Vaults:2)
  4 entropy weavers
  Azrael (Spider:3)
  6 dire elephants
  A fire dragon (Lair:5)
  6 yaktaur captains
  7 great orbs of eyes
  A caustic shrike simulacrum (IceCv)
  2 ogre magi (Orc:2)
  10 hydras
  A peacekeeper (Vaults:4)
  A catoblepas (Gauntlet)
  A jorogumo (Spider:3)
  4 vault guards (D:14)
  4 boulder beetles
  21 centaur warriors
  A ghost crab (Swamp:3)
  5 ironbound frosthearts
  3 two-headed ogres
  A tengu warrior (D:14)
  4 alligators
  Urug (Lair:3)
  A death yak (Lair:4)
  Nergalle (Orc:1)
  A hell knight (Vaults:2)
  Sonja (Lair:4)
  5 pharaoh ants (Spider:4)
  4 skeletal warriors (D:12)
  A sun moth (Spider:3)
  2 goliath frogs
  A spriggan simulacrum (IceCv)
  A steelbarb worm (shapeshifter) (Vaults:2)
  7 deep trolls (Vaults:3)
  3 spriggan druids
  8 orb spiders
  10 swamp dragons
  2 wizards
  A glowing orange brain (Vaults:3)
  4 steelbarb worms
  4 lindwurms
  2 obsidian statues (IceCv)
  An oklob plant (Orc:1)
  7 bog bodies
  3 deep elf pyromancers
  A necromancer (Vaults:1)
  12 ironbound convokers
  An orc knight (Orc:2)
  2 phantasmal warriors
  11 ugly things
  11 wolf spiders
  4 cyclopes
  7 orc sorcerers (Orc:2)
  2 manticores (D:14)
  2 will-o-the-wisps
  2 human skeletons (Vaults:1)
  A black mamba (shapeshifter) (Vaults:2)
  19 elephants
  17 vault sentinels
  A guardian serpent (shapeshifter) (D:14)
  8 black mambas
  A gargoyle (D:10)
  2 molten gargoyles (Lair:5)
  2 torpor snails
  8 cane toads
  An unseen horror (D:12)
  9 komodo dragons
  3 rime drakes
  3 freezing wraiths (IceCv)
  4 yaktaurs
  6 demonic crawlers
  2 golden dragon simulacra (IceCv)
  2 kobold demonologists
  2 ice devils (IceCv)
  A polar bear (Lair:2)
  8 trolls
  7 tarantellas
  3 hornets
  6 tyrant leeches
  9 blink frogs
  Grinder (D:5)
  46 slime creatures
  5 dream sheep (Lair:3)
  7 jumping spiders
  3 shadows
  5 flying skulls (Gauntlet)
  9 spriggans
  13 culicivoras
  20 yaks
  3 vampires
  9 wyverns
  4 wraiths
  2 basilisks (D:11)
  2 steam dragons
  4 fire elementals (Spider:3)
  A yaktaur simulacrum (Vaults:1)
  39 redbacks
  14 vampire mosquitoes
  An elf skeleton (Vaults:1)
  Edmund (D:5)
  A harpy simulacrum (IceCv)
  2 wargs
  3 acid dragons
  13 water moccasins
  7 swamp worms
  7 hell hounds
  A sky beast (D:6)
  8 swamp drakes
  2 ice beasts
  A black bear (D:6)
  13 orc warriors
  2 boggarts (Vaults:3)
  7 ogres
  18 wolves
  A phantom (D:4)
  16 centaurs
  2 kobold brigands (D:9)
  An elf simulacrum (Vaults:1)
  15 bullfrogs
  4 scorpions
  5 wights
  A lindwurm simulacrum (IceCv)
  8 killer bees
  5 electric eels
  7 howler monkeys
  2 vampire bats (D:8)
  A crimson imp (D:4)
  5 lava snakes (Lair:5)
  A jelly (D:5)
  Crazy Yiuf (D:4)
  2 hounds
  17 orc priests
  A gnoll bouda (D:8)
  29 orc wizards
  An iguana (Lair:2)
  3 gnolls (D:8)
  4 adders
  2 shadow imps
  2 white imps
  2 ufetubi
  2 worms (D:3)
  2 dart slugs
  68 orcs
  8 ball pythons
  4 bats
  2 bat skeletons (D:8)
  2 bat zombies (D:8)
  7 endoplasms
  A giant cockroach (D:1)
  8 goblins
  6 hobgoblins
  4 jackals (D:3)
  2 quokkas
  5 kobolds
  A rat (D:1)
912 creatures vanquished.

Vanquished Creatures (collateral kills)
  A thorn hunter (Swamp:4)
  2 hydras
  2 deep trolls (Vaults:3)
  A swamp dragon (Swamp:4)
  A meliai (Gauntlet)
  A swamp drake (Swamp:4)
  3 centaurs (D:12)
  2 wights (D:7)
  2 orc priests (D:3)
  An ufetubus (D:6)
  2 orcs
18 creatures vanquished.

Vanquished Creatures (others)
  Margery (Vaults:2)
  A tentacled monstrosity (Vaults:4)
  A vault warden (Vaults:2)
  3 ironbound preservers
  A war gargoyle (Vaults:3)
  An ironbound thunderhulk (Vaults:2)
  4 very ugly things
  7 dire elephants
  A crystal guardian (Vaults:3)
  3 yaktaur captains
  A great orb of eyes (Vaults:4)
  A peacekeeper (Vaults:3)
  A hydra (Swamp:4)
  An ironbound frostheart (Vaults:3)
  A deep troll earth mage (Vaults:4)
  2 death yaks (Lair:5)
  A spriggan berserker (Swamp:4)
  4 hell knights (Vaults:2)
  6 deep trolls
  A swamp dragon (Swamp:4)
  2 lindwurms
  A necromancer (Vaults:2)
  2 ugly things (Vaults:3)
  An elephant (Lair:5)
  A vault sentinel (Vaults:4)
  A cane toad (Lair:5)
  A freezing wraith (Vaults:4)
  A komodo dragon (Lair:5)
  13 yaktaurs
  A tyrant leech (Swamp:4)
  A bloated husk (Swamp:1)
  3 blink frogs (Lair:5)
  A culicivora (Spider:4)
  3 yaks (Lair:5)
  A basilisk (Lair:5)
  5 water moccasins (Lair:5)
  2 hell hounds (Lair:5)
  2 wights
  An orc priest (D:4)
  An orc wizard (Orc:2)
  5 hell rats (Lair:5)
  2 foxfires (Swamp:3)
  32 fungi
  50 plants
  12 starspawn tentacles
187 creatures vanquished.

Grand Total: 1117 creatures vanquished

Notes
Turn   | Place    | Note
-------+----------+-------------------------------------------
     0 | Abyss:1  | Armakuni the Vampire Abyssal Knight began the quest for the
                  | Orb.
     0 | Abyss:1  | Reached XP level 1. HP: 17/17 MP: 2/2
     0 | Abyss:1  | Found a corrupted altar of Lugonu.
    28 | Abyss:1  | Noticed a spriggan defender skeleton
    43 | Abyss:1  | Noticed a crimson imp
    45 | D:1      | Escaped the Abyss
   401 | D:1      | Reached skill level 1 in Stealth
   635 | D:1      | Reached XP level 2. HP: 23/23 MP: 3/3
  1595 | D:2      | Reached skill level 3 in Long Blades
  1595 | D:2      | Gained mutation: You are afflicted with vampirism and can
                  | become a bat while bloodless. [Vampire growth]
  1595 | D:2      | Reached XP level 3. HP: 28/28 MP: 4/4
  1618 | D:2      | Found a faded altar of an unknown god.
  1945 | D:3      | Found a shadowy altar of Dithmenos.
  2055 | D:3      | Found a radiant altar of Vehumet.
  2157 | D:3      | Reached XP level 4. HP: 34/34 MP: 5/5
  2324 | D:3      | Reached skill level 4 in Long Blades
  2434 | D:3      | Reached XP level 5. HP: 38/39 MP: 6/6
  2510 | D:3      | Reached skill level 5 in Stealth
  3370 | D:4      | Learned a level 3 spell: Confusing Touch
  3372 | D:4      | Learned a level 1 spell: Slow
  3488 | D:4      | Reached *** piety under Lugonu
  3579 | D:4      | Noticed a phantom
  3587 | D:4      | Reached skill level 1 in Hexes
  3615 | D:4      | Killed a phantom
  3616 | D:4      | Reached XP level 6. HP: 29/46 MP: 7/7
  3805 | D:4      | You fall into a shaft and drop 3 floors!
  3920 | D:7      | Reached skill level 5 in Long Blades
  4064 | D:7      | Reached XP level 7. HP: 45/51 MP: 8/8
  4086 | D:7      | Reached skill level 5 in Hexes
  4190 | D:7      | Found an iron altar of Okawaru.
  4200 | D:7      | Reached skill level 6 in Long Blades
  4281 | D:6      | Identified the +8 short sword of Gallantry {holy, *Rage
                  | rPois rC+ rN++}
  4569 | D:6      | Reached XP level 8. HP: 47/54 MP: 9/9
  4667 | D:6      | Reached skill level 7 in Long Blades
  4727 | D:6      | Identified the +3 ring mail of the Arcane {Str-5 Int-3
                  | Dex+9 SInv}
  4753 | D:5      | Entered Level 5 of the Dungeon
  4863 | D:4      | Found a runed translucent door.
  4864 | D:4      | Noticed Crazy Yiuf
  4874 | D:4      | Killed Crazy Yiuf
  5098 | D:5      | Found a blossoming altar of Fedhas.
  5266 | D:5      | Noticed Edmund
  5278 | D:5      | Killed Edmund
  5455 | D:5      | Noticed Grinder
  5463 | D:5      | Killed Grinder
  5464 | D:5      | Reached skill level 8 in Long Blades
  5886 | D:6      | Reached skill level 10 in Hexes
  6047 | D:6      | Reached XP level 9. HP: 62/62 MP: 10/10
  6340 | D:6      | Reached skill level 9 in Long Blades
  6593 | D:6      | Found a sparkling altar of Nemelex Xobeh.
  6692 | D:6      | Found a shimmering blue altar of Sif Muna.
  6966 | D:7      | Reached skill level 1 in Spellcasting
  7054 | D:7      | Found a staircase to the Ecumenical Temple.
  7503 | D:8      | Reached skill level 10 in Long Blades
  7503 | D:8      | Reached skill level 1 in Shields
  7547 | D:8      | Noticed a two-headed ogre
  7721 | D:8      | Killed a two-headed ogre
  7874 | D:8      | Reached **** piety under Lugonu
  8106 | D:8      | Reached skill level 11 in Long Blades
  8112 | D:8      | Reached XP level 10. HP: 43/68 MP: 8/11
  8833 | D:8      | Found a hazy altar of Hepliaklqana.
  8873 | D:8      | Found an ancient bone altar of Kikubaaqudgha.
  9587 | D:9      | Found a transporter.
  9614 | D:9      | Found a transporter.
  9621 | D:9      | Found a transporter.
  9692 | D:9      | Reached skill level 12 in Long Blades
  9852 | D:9      | Noticed a green ugly thing
  9962 | D:9      | Noticed a cyclops
  9979 | D:9      | Killed a cyclops
 10064 | D:9      | Killed a green ugly thing
 10151 | D:9      | Reached skill level 5 in Invocations
 10162 | D:9      | Reached ***** piety under Lugonu
 10439 | D:9      | Noticed a two-headed ogre
 10465 | D:9      | Killed a two-headed ogre
 10466 | D:9      | Reached skill level 13 in Long Blades
 10466 | D:9      | Reached XP level 11. HP: 60/74 MP: 11/15
 10630 | D:9      | Found a transporter.
 11041 | D:10     | Entered Level 10 of the Dungeon
 11083 | D:10     | Identified the +1 leather armour "Caolen" {rElec Int+2}
 11122 | D:10     | Found a broken altar of Ashenzari.
 11347 | D:10     | Found an ornate altar of the Wu Jian Council.
 11533 | D:10     | Learned a level 3 spell: Dazzling Flash
 11931 | D:11     | Found a staircase to the Orcish Mines.
 12433 | D:11     | Found a staircase to the Lair.
 12919 | D:12     | Reached skill level 14 in Long Blades
 13012 | D:12     | Noticed a five-headed hydra
 13029 | D:12     | Killed a five-headed hydra
 13098 | D:12     | Noticed a skeletal warrior
 13256 | Lair:1   | Entered Level 1 of the Lair of Beasts
 13570 | Lair:1   | Reached XP level 12. HP: 69/80 MP: 19/19
 14325 | Lair:2   | Reached skill level 10 in Invocations
 14384 | Lair:2   | Reached skill level 1 in Armour
 14410 | Lair:2   | Reached ****** piety under Lugonu
 14411 | Lair:2   | Reached skill level 1 in Evocations
 14506 | Lair:2   | Noticed a seven-headed hydra
 14511 | Lair:2   | Banished a seven-headed hydra
 14658 | Lair:2   | Found a staircase to the Swamp.
 14660 | Lair:2   | Noticed an eight-headed hydra
 14663 | Lair:2   | Banished an eight-headed hydra
 14940 | Lair:2   | Found a shimmering blue altar of Sif Muna.
 15338 | Lair:3   | Noticed a six-headed hydra
 15344 | Lair:3   | Banished a six-headed hydra
 15484 | Lair:3   | Found a hole to the Spider Nest.
 15667 | Lair:3   | Noticed Urug
 15687 | Lair:3   | Killed Urug
 15688 | Lair:3   | Reached skill level 5 in Fighting
 15736 | Lair:3   | Reached skill level 10 in Stealth
 16582 | Lair:3   | Reached XP level 13. HP: 70/91 MP: 20/20
 16756 | Lair:4   | Found a gate leading to a gauntlet.
 16785 | Lair:4   | Reached skill level 5 in Armour
 16789 | Gauntlet | Entered a Gauntlet
 16789 | Gauntlet | Found a transporter.
 16789 | Gauntlet | Found a transporter.
 16789 | Gauntlet | Found a transporter.
 16807 | Gauntlet | Found a transporter.
 16817 | Gauntlet | Found a transporter.
 16820 | Gauntlet | Found a transporter.
 16828 | Gauntlet | Found a transporter.
 16831 | Gauntlet | Found a transporter.
 16839 | Gauntlet | Found a transporter.
 16857 | Gauntlet | Found a transporter.
 16877 | Gauntlet | Found a transporter.
 16879 | Gauntlet | Found a transporter.
 16967 | Gauntlet | Identified a scroll of acquirement
 16967 | Gauntlet | Acquired the +3 warlock's mirror {reflect}
 16967 | Gauntlet | Found the +3 warlock's mirror {reflect}
 17150 | Gauntlet | Identified the ring of Ashenzari's Hope {rC++ Str+6}
 17256 | Gauntlet | Identified the +6 flail "Xeocuemar" {venom, Will++ Str-2
                  | Int+2}
 17256 | Gauntlet | Noticed a minotaur
 17264 | Gauntlet | Banished a minotaur
 17538 | Lair:4   | Noticed Sonja
 17541 | Lair:4   | Killed Sonja
 17747 | Lair:4   | Reached skill level 15 in Long Blades
 17970 | Lair:4   | Found a stormy altar of Qazlal.
 18485 | Lair:5   | Entered Level 5 of the Lair of Beasts
 19329 | Lair:5   | Found a viscous altar of Jiyva.
 19329 | Lair:5   | Found a staircase to the Slime Pits.
 19361 | Lair:5   | Corrupted Lair:5
 19361 | Lair:5   | Noticed a balrug
 19361 | Lair:5   | Noticed a balrug
 19361 | Lair:5   | Noticed a starcursed mass
 19361 | Lair:5   | Noticed a starcursed mass
 19361 | Lair:5   | Noticed a blizzard demon
 19361 | Lair:5   | Noticed a tentacled starspawn
 19362 | Lair:5   | Noticed a starcursed mass
 19365 | Lair:5   | Noticed a tentacled starspawn
 19461 | Lair:5   | Reached skill level 16 in Long Blades
 19602 | Lair:5   | Found a large runed translucent door.
 19602 | Lair:5   | Found a large runed translucent door.
 19627 | Lair:5   | Noticed a fire dragon
 19627 | Lair:5   | Found the +7 Spriggan's Knife {stab, EV+4 Stlth+}
 19695 | Lair:5   | Killed a fire dragon
 20079 | Lair:5   | Reached XP level 14. HP: 80/101 MP: 22/22
 20601 | Orc:1    | Entered Level 1 of the Orcish Mines
 20601 | Orc:1    | Noticed an orc warlord
 20602 | Orc:1    | Banished an orc warlord
 20835 | Orc:2    | Entered Level 2 of the Orcish Mines
 20835 | Orc:2    | Found a staircase to the Elven Halls.
 20879 | Orc:2    | Found Wiegh's Antique Armour Boutique.
 20882 | Orc:1    | Noticed Nergalle
 20891 | Orc:1    | Killed Nergalle
 21081 | Orc:2    | Bought a runed helmet for 247 gold pieces
 21105 | Orc:2    | Found Caluazxi's Antique Weapon Emporium.
 21595 | Orc:2    | Noticed Jorgrun
 21607 | Orc:2    | Banished Jorgrun
 21608 | Orc:2    | Reached skill level 5 in Dodging
 21701 | Orc:2    | Paralysed by an orc sorcerer for 4 turns
 21739 | Orc:2    | Escaped the Abyss
 21965 | Orc:2    | Found a radiant altar of Vehumet.
 22088 | Orc:2    | Found Goleitup's Distillery.
 22135 | Orc:2    | Bought a potion of heal wounds for 60 gold pieces
 22135 | Orc:2    | Bought a potion of degeneration for 12 gold pieces
 22135 | Orc:2    | Bought a potion of flight for 36 gold pieces
 22135 | Orc:2    | Bought a potion of lignification for 36 gold pieces
 22135 | Orc:2    | Bought a potion of might for 48 gold pieces
 22149 | Orc:2    | Found an ancient bone altar of Kikubaaqudgha.
 22164 | Orc:2    | Found Cussauca's Jewellery Shop.
 22171 | Orc:2    | Found Rousomon's Antique Weapon Boutique.
 22184 | Orc:2    | Found Lyusoj's Antique Weapon Shop.
 22266 | Orc:2    | Found Isoad's Jewellery Emporium.
 23242 | D:12     | Found Ucwoen's General Store.
 23307 | D:12     | Bought a potion of curing for 42 gold pieces
 23307 | D:12     | Bought a potion of curing for 42 gold pieces
 23307 | D:12     | Bought a scroll of enchant armour for 105 gold pieces
 23920 | D:13     | Found a sacrificial altar of Ru.
 24677 | D:14     | Found a gate to the Vaults.
 24683 | D:14     | Reached XP level 15. HP: 85/113 MP: 23/23
 24990 | D:15     | Entered Level 15 of the Dungeon
 25219 | D:15     | Found a staircase to the Depths.
 25924 | Spider:1 | Entered Level 1 of the Spider Nest
 26307 | Spider:3 | Noticed an emperor scorpion
 26317 | Spider:2 | Killed an emperor scorpion
 26388 | Spider:3 | Noticed Azrael
 26618 | Spider:4 | Entered Level 4 of the Spider Nest
 26851 | Spider:4 | Reached skill level 10 in Fighting
 27255 | Spider:4 | Noticed an emperor scorpion
 27273 | Spider:4 | Killed an emperor scorpion
 27303 | Spider:4 | Reached skill level 10 in Dodging
 27504 | Spider:4 | Noticed an emperor scorpion
 27506 | Spider:4 | Noticed an emperor scorpion
 27508 | Spider:4 | Noticed an emperor scorpion
 27520 | Spider:4 | Killed an emperor scorpion
 27523 | Spider:4 | Killed an emperor scorpion
 27542 | Spider:4 | Killed an emperor scorpion
 27680 | Spider:3 | Killed Azrael
 27934 | Spider:4 | Noticed an emperor scorpion
 27956 | Spider:3 | Killed an emperor scorpion
 28016 | Spider:4 | Noticed an emperor scorpion
 28110 | Spider:3 | Killed an emperor scorpion
 28111 | Spider:3 | Reached skill level 10 in Armour
 28531 | Spider:4 | Paralysed by a jorogumo for 3 turns
 28561 | Spider:4 | Reached XP level 16. HP: 79/117 MP: 20/24
 28914 | Spider:4 | Reached skill level 5 in Shields
 29057 | Spider:4 | Got a gossamer rune of Zot
 29422 | Swamp:1  | Entered Level 1 of the Swamp
 29422 | Swamp:1  | You fall into a shaft and drop 1 floor!
 29729 | Swamp:2  | Found a frozen archway.
 29738 | IceCv    | Entered an ice cave
 30173 | IceCv    | Noticed an Ice Fiend
 30173 | IceCv    | Noticed an Ice Fiend
 30179 | IceCv    | Killed an Ice Fiend
 30302 | IceCv    | Killed an Ice Fiend
 30699 | Swamp:4  | Entered Level 4 of the Swamp
 31066 | Swamp:4  | Reached skill level 5 in Evocations
 31184 | Swamp:4  | Noticed a thorn hunter
 31214 | Swamp:4  | Noticed a thorn hunter
 31235 | Swamp:4  | Killed a thorn hunter
 31257 | Swamp:4  | Killed a thorn hunter
 31343 | Swamp:4  | Got a decaying rune of Zot
 31780 | Vaults:1 | Entered Level 1 of the Vaults
 31835 | Vaults:1 | Reached XP level 17. HP: 138/138 MP: 25/25
 32267 | Vaults:1 | Identified the +0 leather armour of the Hills {Will+ Dex+4
                  | Stlth+}
 32524 | Vaults:1 | Reached skill level 15 in Fighting
 33140 | Vaults:2 | Identified the +1 pair of gloves of Votew {*Slow +Blink
                  | Str+3 Int+3}
 33231 | Vaults:3 | Noticed Bai Suzhen
 33237 | Vaults:3 | Killed Bai Suzhen
 33426 | Vaults:2 | Reached skill level 17 in Long Blades
 33716 | Vaults:2 | Noticed Margery
 33717 | Vaults:2 | Corrupted Vaults:2
 33717 | Vaults:2 | Noticed a bone dragon
 33724 | Vaults:2 | Noticed a bone dragon
 33730 | Vaults:2 | Killed Margery
 33758 | Vaults:2 | Noticed a quicksilver dragon
 33952 | Vaults:2 | Found Achouseu's Weapon Boutique.
 34250 | Vaults:2 | Found Gozag's Antique Weapon Shop.
 34251 | Vaults:2 | Noticed a lich
 34252 | Vaults:2 | Found an opulent altar of Gozag.
 34252 | Vaults:2 | Found Gozag's Antique Weapon Boutique.
 34253 | Vaults:2 | Found Gozag's Assorted Antiques.
 34266 | Vaults:2 | Killed a lich
 34481 | Vaults:2 | HP: 6/136 [vault warden/+4 dire flail of draining (8)]
 34484 | Vaults:2 | Reached skill level 18 in Long Blades
 35250 | Vaults:2 | Reached XP level 18. HP: 142/149 MP: 24/26
 35358 | Vaults:3 | Reached skill level 19 in Long Blades
 35828 | Vaults:3 | Found a staircase to the Crypt.
 35828 | Vaults:3 | Found a basalt altar of Yredelemnul.
 35829 | Vaults:3 | Found an ancient bone altar of Kikubaaqudgha.
 36761 | Vaults:3 | Reached skill level 20 in Long Blades
 36849 | Vaults:3 | Corrupted Vaults:3
 36849 | Vaults:3 | Noticed a bone dragon
 37478 | Vaults:4 | Learned a level 5 spell: Summon Mana Viper
 37519 | Vaults:4 | Reached skill level 1 in Summonings
 38145 | Vaults:4 | Noticed a tentacled monstrosity
 38162 | Vaults:4 | Corrupted Vaults:4
 38162 | Vaults:4 | Noticed a bone dragon
 38162 | Vaults:4 | Noticed a bone dragon
 38174 | Vaults:4 | Killed a tentacled monstrosity
 38760 | Vaults:4 | Killed from afar by an ironbound frostheart

Illustrated notes

Levels and vault maps discovered:
D:1:      elethiomel_arrival_shortcut, layout_basic, hangedman_decor_push
D:2:      layout_basic, ebering_ecumenical_altar_webs
D:3:      layout_loops_ring, mainiacjoe_overflow_24_doors, elyvilon_altar_3,
          grunt_dithmenos_smoke_and_mirrors, minmay_misc_feat_diagonals,
          chequers_jeans
D:4:      layout_loops_cross, mainiacjoe_overflow_tiny_flanked,
          amcnicky_altar_gilded, minmay_fire_ice_demons, uniq_crazy_yiuf_cottage
D:5:      layout_basic, nicolae_overflow_crystal_walls, uniq_edmund,
          uniq_grinder
D:6:      layout_layer_cave, mainiacjoe_overflow_alcove_4,
          nemelex_dance_club_becter, dk_vineyard_3
D:7:      layout_loops_corners, okawaru_trees_1, minmay_temple_entry_slanted
D:8:      layout_layer_cave, nzn_hepliaklqana_mist_gate,
          kennysheep_vampire_church
D:9:      minmay_opposing_rooms, layout_stronghold,
          nicolae_transporter_intersection
D:10:     layout_rooms, pdpol_wu_jian_five_deadly_venoms,
          ashenzari_conservatory_becter, minmay_variable_closet,
          lightli_orcish_oven
D:11:     layout_basic, erik_lair_dragon, minmay_orc_entry_temple_small
D:12:     layout_basic, serial_shops, shop
D:13:     layout_gridville, hangedman_decor_lopped,
          nicolae_ru_sacrificial_ziggurat
D:14:     layout_cave_pools, lightli_vaults_fourway_checkpoint,
          dk_noncrumbling_2
D:15:     grunt_enter_depths_giant_problem, layout_irregular_city,
          hangedman_decor_diamond_cutter
Lair:1:   layout_gridlike
Lair:2:   layout_misc_corridors, palyth_hydra_swamp_entry, basic_altar,
          st_stairs_8, minivault_26, nicolae_quartered_pool_impasse,
          serial_bayou_shore_a
Lair:3:   layout_regular_city, spider_nest_entry_web_field, uniq_urug
Lair:4:   layout_hall_layers, basic_altar, gauntlet_entry_generic, uniq_sonja
Lair:5:   cheibrodos_lair_end_hotspot, layout_loops_ring, slime_entry_1,
          nicolae_volcano_entry_lava_flow
Swamp:1:  layout_basic_swamp, nicolae_swamp_ascending_descending_big,
          swamp_pool2
Swamp:2:  layout_basic_swamp, portal_ice_cave_entry_pillars_1,
          hangedman_swamp_ruin_wall, swamp_pool1, infiniplex_staircase_pool
Swamp:3:  layout_falls_marsh, lemuel_altar_in_water, swamp_pool1,
          hangedman_swamp_grove
Swamp:4:  swamp_basic_johnstein, layout_basic_swamp, infiniplex_staircase_pool_2
Spider:1: layout_chambers, nicolae_spider_checkerboard
Spider:2: layout_spider_delve
Spider:3: layout_spider_delve, uniq_azrael, uniq_arachne
Spider:4: grunt_spider_rune_circles
Orc:1:    layout_caves, mines3_lemuel, uniq_nergalle
Orc:2:    kennysheep_orc_mage_school, layout_diamond_mine, serial_shops,
          nicolae_shop_statue_plus, shop_coins, nicolae_shop_hallway_plus,
          uniq_jorgrun
Vaults:1: hangedman_vaults_nails, nicolae_vaults_asterisk,
          ontoclasm_vaults_hangar, ontoclasm_vaults_bender,
          vaults_standard_mumra_x, ontoclasm_vaults_misaligned,
          vaults_room_semicircle, vaults_mumra_minichess_inversion, v_misc_29,
          vaults_dpeg_emergency_exit, grunt_vaults_focal, layout_vaults_big_room
Vaults:2: vaults_standard_mumra_lines, ontoclasm_vaults_gateway,
          kennysheep_vaults_gozag_temple, grunt_vaults_twisty,
          nicolae_vaults_rhombus_6, nicolae_vaults_rhombus_7,
          dpeg_vaults_monster_box, v_misc_8, vaults_mumra_hex,
          layout_vaults_omnibox, uniq_margery
Vaults:3: v_misc_31, ontoclasm_vaults_ring_square, v_misc_16,
          minmay_crypt_entry_necro_gods, vaults_room_corners,
          nicolae_vaults_triangles, hangedman_vaults_variations,
          nicolae_vaults_little_squares_4, nicolae_vaults_border_crossing,
          nicolae_vaults_network_barrier, nicolae_vaults_little_squares_6,
          layout_vaults_maze_snakey, uniq_bai_suzhen
Vaults:4: nicolae_vaults_network_star, nicolae_vaults_alarming, v_pattern_5,
          grunt_vaults_hallway_short, v_rooms_3, v_misc_18,
          ontoclasm_vaults_shout, v_misc_15, layout_vaults_quadrants

Skill      XL: |  1  2  3  4  5  6  7  8  9 10 11 12 13 14 15 16 17 18 |
---------------+-------------------------------------------------------+-----
Stealth        | 1 2 3 4 5 10 12 13 | 13.0
Long Blades    | 3 4 5 6 8 11 13 14 16 18 20 | 20.3
Hexes          | 2 4 7 10 | 10.6
Spellcasting   | 1 |  1.0
Shields        | 4 6 |  6.0
Invocations    | 5 9 10 11 | 11.0
Armour         | 4 5 7 10 | 10.0
Fighting       | 5 6 9 10 13 15 | 15.0
Evocations     | 3 5 |  5.0
Dodging        | 3 8 10 | 10.0
Summonings     | 4 |  4.9

Action                   |  1- 3 |  4- 6 |  7- 9 | 10-12 | 13-15 | 16-18 || total
-------------------------+-------+-------+-------+-------+-------+-------++-------
Melee: Falchion          |    64 |   215 |    22 |       |       |       ||   301
       Bite              |     6 |    14 |    23 |   131 |   291 |   250 ||   715
       Short sword       |       |     1 |     3 |       |       |       ||     4
       Punch             |       |     1 |     1 |       |       |       ||     2
       Long sword        |       |       |   149 |   678 |       |       ||   827
       Rapier            |       |       |    29 |    24 |       |       ||    53
       Dagger            |       |       |       |   161 |    73 |       ||   234
       Double sword      |       |       |       |    55 |   597 |   460 ||  1112
       Knife             |       |       |       |       |   909 |   926 ||  1835
Throw: Dart              |     7 |     4 |    12 |    32 |    16 |     5 ||    76
       Javelin           |     1 |       |     4 |       |       |       ||     5
       Throwing net      |       |       |       |       |     4 |       ||     4
 Cast: Slow              |       |       |     6 |    48 |    49 |    13 ||   116
       Confusing Touch   |       |       |     8 |    64 |   207 |   215 ||   494
Invok: Depart the Abyss  |     1 |       |       |       |     1 |       ||     2
       Banish            |       |       |       |     9 |    18 |    21 ||    48
       Bend Space        |       |       |       |     2 |    11 |     4 ||    17
       Corrupt           |       |       |       |       |     1 |     3 ||     4
       Enter the Abyss   |       |       |       |       |     1 |       ||     1
Evoke: Wand              |     1 |     3 |    11 |    12 |    35 |    13 ||    75
       Box of beasts     |       |       |       |       |       |     3 ||     3
       Lightning rod     |       |       |       |       |       |     7 ||     7
  Use: Scroll            |     3 |     2 |     8 |    11 |    25 |    11 ||    60
       Potion            |       |       |     9 |     3 |     6 |    14 ||    32
 Stab: Sleeping          |     3 |     8 |     6 |     8 |    15 |    32 ||    72
       Invisible         |       |       |     2 |       |     2 |     1 ||     5
       Confused          |       |       |     4 |    72 |   191 |   199 ||   466
       Distracted        |       |       |       |     1 |     3 |     6 ||    10
       Petrifying        |       |       |       |     1 |       |       ||     1
       Paralysed         |       |       |       |       |     2 |       ||     2
       Held in net/web   |       |       |       |       |     3 |       ||     3
       Betrayed ally     |       |       |       |       |       |     1 ||     1
Armor: Leather armour    |    19 |    62 |    17 |       |       |       ||    98
       Ring mail         |       |       |    31 |       |       |       ||    31
       Steam dragon scal |       |       |     4 |   116 |       |       ||   120
       Acid dragon scale |       |       |       |   149 |   119 |       ||   268
       Fire dragon scale |       |       |       |       |   414 |   408 ||   822
       Pearl dragon scal |       |       |       |       |       |    41 ||    41
Dodge: Dodged            |    29 |   125 |    96 |   435 |   838 |   752 ||  2275
Block: Buckler           |       |       |    31 |   188 |   559 |   543 ||  1321
       Reflection        |       |       |       |       |    29 |    55 ||    84
